 Dungeon Crawl Stone Soup version 0.23.2-1-ga50397a (webtiles) character file.

Game seed: 16144854780927035303

435 troglodite the Grave Robber (level 7, -9/56 HPs)
             Began as a Ghoul Necromancer on May 27, 2019.
             Mangled by an ogre
             ... wielding a +0 giant club
              (23 damage)
             ... on level 5 of the Dungeon.
             The game lasted 00:15:55 (4619 turns).

troglodite the Grave Robber (Ghoul Necromancer)     Turns: 4619, Time: 00:15:55

Health: -9/56      AC:  5    Str: 14    XL:     7   Next: 0%
Magic:  6/10       EV: 11    Int: 10    God:
Gold:   286        SH:  0    Dex: 11    Spells: 5/12 levels left

rFire    + . .     SeeInvis .   k - -2 quarterstaff (curse)
rCold    + + .     Gourm    .   (shield currently unavailable)
rNeg     + + +     Faith    +   i - +0 ring mail (curse)
rPois    ∞         Spirit   .   (no helmet)
rElec    .         Reflect  .   p - scarf {rC+ rF+}
rCorr    .         Harm     .   (no gloves)
MR       .....                  (no boots)
Stlth    ++........             b - amulet of faith
HPRegen  0.00/turn              e - +2 ring of strength
MPRegen  0.12/turn              (no ring)

@: rotting
A: rotting body, claws 1, carnivore, cold resistance 1, negative energy
resistance 3, inhibited regeneration, torment resistance, unbreathing
a: no special abilities


You were on level 5 of the Dungeon.
You were not hungry.

You visited 1 branch of the dungeon, and saw 5 of its levels.

You collected 286 gold pieces.

Inventory:

Hand Weapons
 k - a cursed -2 quarterstaff (weapon)
Armour
 a - a +0 robe
 i - a cursed +0 ring mail (worn)
 p - a scarf of resistance (worn)
Jewellery
 b - an amulet of faith (around neck)
 d - an uncursed ring of magical power
 e - a +2 ring of strength (left claw)
Scrolls
 f - a scroll of teleportation
 j - a scroll of enchant weapon
 l - 2 scrolls of remove curse {unknown}
Potions
 h - 2 potions of flight
 n - 2 potions of haste {unknown}
 o - a potion of curing {unknown}
 q - 3 potions of might {unknown}
Comestibles
 c - 11 rations
 g - 4 chunks of flesh


   Skills:
 * Level 2.3 Fighting
 + Level 1.3 Staves
 + Level 1.2 Armour
 * Level 2.6 Dodging
 * Level 3.3 Stealth
 * Level 2.1 Unarmed Combat
 * Level 3.0 Spellcasting
 * Level 1.4 Charms
 * Level 5.0 Necromancy


You had 5 spell levels left.
You knew the following spells:

 Your Spells              Type           Power        Failure   Level  Hunger
a - Pain                  Necr           ##..         8%          1    #......
b - Vampiric Draining     Necr           ##........   22%         3    ###....
c - Regeneration          Chrm/Necr      #.........   43%         3    ###....

Your spell library contained the following spells:

 Spells                   Type           Power        Failure   Level  Hunger
 Animate Skeleton         Necr           N/A          8%          1    #......
 Animate Dead             Necr           N/A          58%         4    #####..


Dungeon Overview and Level Annotations

Branches:
Dungeon (5/15)
 Temple: D:4-7

Altars:
Gozag
Makhleb
Okawaru

Shops:
D:4 *


Innate Abilities, Weirdness & Mutations

Your body is rotting away.
You thrive on raw meat.
You are immune to poison.
You have sharp fingernails.
You are carnivorous and can eat meat at any time.
Your flesh is cold resistant. (rC+)
You are immune to negative energy. (rN+++)
You do not regenerate when monsters are visible.
You are immune to unholy pain and torment.
You can survive without breathing.


Message History

The ogre hits you with a +0 giant club!!
You hit the ogre.
The ogre is moderately wounded.
The ogre hits you with a +0 giant club!!
* * * LOW HITPOINT WARNING * * *
Casting: Pain (safe; 8% risk of failure)
Confirm with . or Enter, or press ? or * to list all spells.
Aiming: Vampiric Draining (safe; 22% risk of failure)
Press: ? - help, Shift-Dir - straight line, f - ogre
Aim: an ogre, wielding a +0 giant club (moderately wounded)
The ogre is severely wounded.
You feel life coursing into your body. The ogre barely misses you.
Casting: Vampiric Draining (safe; 22% risk of failure)
Confirm with . or Enter, or press ? or * to list all spells.
Aiming: Pain (safe; 8% risk of failure)
Press: ? - help, Shift-Dir - straight line, f/p - ogre
Aim: an ogre, wielding a +0 giant club (severely wounded, chance to defeat MR: 66%)
The ogre struggles to resist.
The ogre hits you with a +0 giant club!!
You die...

#...........########
#...........#......#
#...........#......#
#..................#
#....)..÷.....######
#############......#
#......# #......#
#...@..# #...O..#
#......#..#
#......#..#
#...<..#..##
#######......#...#
.............#...#
.............#.O.#
.............#...#


You could see an ogre.

Vanquished Creatures
  Edmund (D:5)
  A bullfrog (D:5)
  2 hounds (D:3)
  2 worker ants
  5 adders
  An ooze (D:1)
  4 worms
  2 dart slugs (D:1)
  5 leopard geckos
  7 orcs
  2 giant cockroaches
  5 goblins (D:1)
  6 hobgoblins
  6 jackals (D:2)
  6 kobolds
  2 quokkas (D:4)
  2 ball pythons
  5 bats
  11 frilled lizards
  9 rats
  2 toadstools (D:1)
86 creatures vanquished.

Vanquished Creatures (others)
  2 toadstools (D:1)
2 creatures vanquished.

Grand Total: 88 creatures vanquished

Notes
Turn   | Place    | Note
-------+----------+-------------------------------------------
     0 | D:1      | troglodite the Ghoul Necromancer began the quest for the
                  | Orb.
     0 | D:1      | Reached XP level 1. HP: 14/14 MP: 2/2
   193 | D:1      | Reached XP level 2. HP: 14/17 MP: 0/3
   692 | D:1      | Reached XP level 3. HP: 27/27 MP: 1/5
   711 | D:1      | Learned a level 3 spell: Vampiric Draining
   790 | D:1      | Reached skill level 1 in Fighting
   950 | D:2      | Reached skill level 1 in Unarmed Combat
  1382 | D:2      | Found an opulent altar of Gozag.
  1468 | D:2      | Reached XP level 4. HP: 25/34 MP: 1/6
  1735 | D:2      | Learned a level 3 spell: Regeneration
  2173 | D:3      | Reached XP level 5. HP: 28/40 MP: 2/7
  2876 | D:3      | Found an iron altar of Okawaru.
  2877 | D:3      | Found a burning altar of Makhleb.
  3686 | D:4      | Found Ugunirei's Lightly-Used Armoury.
  4118 | D:3      | Reached skill level 1 in Charms
  4200 | D:4      | Reached skill level 1 in Staves
  4200 | D:4      | Reached XP level 6. HP: 40/48 MP: 1/8
  4282 | D:5      | Entered Level 5 of the Dungeon
  4313 | D:5      | Noticed Edmund
  4318 | D:5      | Reached skill level 1 in Armour
  4362 | D:5      | HP: 1/47 [Edmund/+2 dire flail of protection (8)]
  4363 | D:5      | Killed Edmund
  4433 | D:5      | Reached skill level 5 in Necromancy
  4433 | D:5      | Reached XP level 7. HP: 21/56 MP: 0/10
  4619 | D:5      | Mangled by an ogre

Skill      XL: |  1  2  3  4  5  6 |
---------------+-------------------+-----
Spellcasting   | 2 3 |  3.0
Fighting       | 1 2 |  2.3
Dodging        | 2 |  2.6
Unarmed Combat | 1 2 |  2.1
Stealth        | 3 |  3.3
Charms         | 1 |  1.4
Staves         | 1 |  1.3
Armour         | 1 |  1.2
Necromancy     | 5 |  5.0

Action                   |  1- 3 |  4- 6 |  7- 9 || total
-------------------------+-------+-------+-------++-------
Melee: Unarmed           |    99 |       |       ||    99
       Quarterstaff      |    31 |   190 |     2 ||   223
 Cast: Pain              |    39 |    60 |     1 ||   100
       Vampiric Draining |       |     4 |     1 ||     5
  Use: Scroll            |     4 |     2 |       ||     6
       Potion            |       |     1 |       ||     1
 Stab: Sleeping          |       |     1 |       ||     1
  Eat: Chunk             |     5 |    14 |     2 ||    21
Armor: Robe              |    20 |       |       ||    20
       Ring mail         |    36 |    80 |       ||   116
Dodge: Dodged            |    90 |   149 |     1 ||   240
